Map: Nightscape LE

Players

Massa - Winner!

  • Race: Terran Terran
  • League: Platinum
  • Spawn Location: 1:00

qqq - Winner!

  • Race: Protoss Protoss
  • League: Platinum
  • Spawn Location: 1:00

CMo

  • Race: Terran Terran
  • League: Diamond
  • Spawn Location: 7:00

FrosT

  • Race: Terran Terran
  • League: Master
  • Spawn Location: 7:00

VOD

Have the link to the VOD?

Description

Time

  • Played on: Dec. 9, 2020, 3:15 p.m.
  • Length: 14:13
Show
View Real Time Build Order
Export as new Build Order

Massa Terran - Winner!

Build Orders: 2 Factory 

Get SALT Encoding   

  12  0:00  SCV  
  13  0:12  SCV  
  14  0:26  Supply Depot  
  14  0:35  SCV  
  15  0:39  Refinery  
  15  0:47  SCV  
  15  0:48  Barracks  
  16  1:00  SCV  
  17  1:12  SCV  
  18  1:23  Refinery  
  18  1:24  SCV  
  19  1:35  Reaper  
  19  1:37  Orbital Command  
  20  1:47  Supply Depot  
  20  2:01  Factory  
  20  2:03  SCV  
  21  2:10  Marine  
  22  2:20  Factory, Supply Depot  
  22  2:26  SCV  
  22  2:29  Barracks Tech Lab  
  22  2:59  Hellion  
  22  3:01  Barracks Tech Lab  
  22  3:03  Factory Reactor  
  24  3:10  Command Center, Infernal Pre-Igniter  
  24  3:21  Hellion  
  26  3:29  Supply Depot  
  28  3:41  Hellion  
  28  3:42  Hellion  
  28  3:44  Hellion  
  32  3:54  SCV  
  33  3:59  Starport  
  33  4:11  Hellion x2  
  37  4:33  Siege Tank  
  37  4:36  Widow Mine x2  
  37  4:37  Marine  
  45  4:40  SCV  
  46  4:49  Orbital Command  
  46  5:16  SCV  
  46  5:17  SCV  
  46  5:19  Widow Mine  
  46  5:20  Widow Mine, Marauder  
  54  5:23  Siege Tank  
  59  5:28  Liberator  
  59  5:29  SCV  
  61  5:37  Engineering Bay  
  61  5:38  SCV  
  62  5:48  Supply Depot  
  62  5:51  SCV x2, Supply Depot  
  48  6:24  SCV x2  
  48  6:28  Missile Turret  
  48  6:32  Terran Infantry Weapons Level 1, Missile Turret  
  48  6:36  SCV x2  
  48  6:37  Starport Reactor, Command Center  
  50  7:02  SCV x2  
  52  7:14  SCV x2  
  54  7:17  Marauder  
  56  7:26  SCV x2  
  56  7:28  Barracks  
  58  7:30  Barracks  
  58  7:39  Marauder  
  60  7:50  SCV x2  
  62  8:00  Marauder  
  62  8:01  Widow Mine x2  
  62  8:02  Siege Tank  
  71  8:16  SCV x2  
  73  8:26  Missile Turret  
  73  8:28  Widow Mine x2, SCV x2  
  79  8:35  Marauder, Marine x2  
  79  8:38  Barracks  
  79  8:40  SCV  
  84  8:42  Barracks  
  84  8:45  Barracks  
  80  8:52  Marine  
  80  8:53  Marine  
  82  8:56  Marauder  
  80  9:10  Marine  
  81  9:17  Marauder  
  71  9:28  Siege Tank  
  65  9:39  SCV x3  
  68  9:51  SCV x3  
  68  9:52  Refinery  
  71  9:54  Refinery  
  71  9:55  Widow Mine x2, Marauder  
  71  9:56  Stimpack  
  77  10:00  Siege Tank  
  77  10:03  Barracks Reactor x2, Barracks Tech Lab x2  
  77  10:04  Barracks Tech Lab  
  80  10:14  SCV x2  
  82  10:17  Marauder  
  84  10:22  Widow Mine x2  
  84  10:28  Medivac x2  
  92  10:29  Armory  
  92  10:32  Engineering Bay  
  92  10:34  Orbital Command  
  92  10:36  SCV  
  93  10:51  Combat Shield  
  93  10:53  Concussive Shells  
  93  10:59  Supply Depot  
  93  11:01  Supply Depot x3  
  93  11:02  Terran Infantry Armor Level 1, Supply Depot  
  93  11:04  Supply Depot  
  93  11:07  Missile Turret  
  93  11:21  Widow Mine, SCV, Marauder, Siege Tank  
  93  11:22  SCV x2  
  93  11:23  Supply Depot  
  93  11:24  Supply Depot  
  103  11:25  Supply Depot x2  
  103  11:26  Terran Infantry Weapons Level 2  
  103  11:28  Supply Depot  
  103  11:33  SCV  
  103  11:34  SCV x2  
  106  11:42  Marauder  
  106  11:45  SCV  
  106  11:47  SCV x2  
  111  11:53  Siege Tank  
  106  12:07  Marauder x4, Marine  
  106  12:08  Marine x2  
  94  12:12  Widow Mine x2  
  91  12:21  Factory  
  89  12:23  Marine  
  89  12:25  Marine, Siege Tank  
  89  12:26  Marine x2  
  89  12:28  Marauder x3  
  89  12:29  Marauder  
  104  12:32  SCV  
  104  12:33  Widow Mine, SCV x2  
  104  12:34  Refinery  
  104  12:36  Refinery, Factory  
  109  12:44  SCV  
  109  12:45  SCV x2  
  109  12:47  Missile Turret  
  109  12:49  Marauder  
  109  12:50  Marauder x3  
  109  12:51  Sensor Tower  
  120  12:57  Siege Tank  
Show
View Real Time Build Order
Export as new Build Order

qqq Protoss - Winner!

Build Orders: Carriers 

Get SALT Encoding   

  12  0:01  Probe  
  13  0:13  Probe  
  14  0:29  Probe  
  14  0:34  Pylon  
  15  0:48  Pylon  
  15  0:52  Probe  
  16  1:05  Probe  
  16  1:09  Gateway  
  17  1:17  Probe  
  18  1:29  Probe  
  18  1:32  Nexus  
  19  1:55  Probe  
  19  1:59  Cybernetics Core  
  20  2:02  Assimilator  
  20  2:06  Assimilator  
  20  2:07  Probe  
  21  2:14  Pylon  
  20  2:19  Probe (Chrono Boost)  
  22  2:31  Probe (Chrono Boost)  
  22  2:35  Stalker (Chrono Boost)  
  22  2:36  Probe (Chrono Boost)  
  25  2:45  Probe  
  26  2:52  Probe  
  26  2:57  Probe, Stalker (Chrono Boost)  
  30  3:04  Probe  
  31  3:10  Probe  
  32  3:16  Probe  
  32  3:18  Stargate  
  33  3:22  Probe (Chrono Boost), Forge  
  33  3:23  Pylon  
  34  3:34  Probe x2 (Chrono Boost)  
  37  3:42  Probe (Chrono Boost)  
  37  3:49  Probe  
  37  3:53  Probe  
  39  4:01  Probe  
  40  4:04  Stargate  
  40  4:05  Probe  
  41  4:13  Probe  
  42  4:17  Probe  
  42  4:18  Assimilator  
  42  4:20  Phoenix (Chrono Boost)  
  42  4:22  Assimilator  
  45  4:26  Probe  
  45  4:29  Probe  
  47  4:38  Probe  
  48  4:41  Probe  
  48  4:42  Phoenix (Chrono Boost)  
  51  4:50  Probe  
  52  4:53  Probe, Phoenix  
  55  5:00  Phoenix  
  55  5:02  Probe  
  55  5:05  Probe  
  59  5:10  Nexus  
  59  5:14  Probe  
  61  5:26  Phoenix, Pylon  
  62  5:29  Pylon  
  62  5:44  Phoenix  
  64  5:59  Phoenix  
  66  6:09  Phoenix  
  66  6:32  Phoenix  
  68  6:34  Phoenix  
  68  6:38  Fleet Beacon  
  70  6:44  Probe  
  71  6:55  Nexus  
  71  6:56  Probe  
  72  7:08  Probe  
  73  7:09  Phoenix x2  
  77  7:20  Probe  
  77  7:21  Stargate  
  78  7:32  Probe  
  79  7:44  Probe  
  80  7:59  Pylon  
  80  8:02  Pylon  
  80  8:03  Pylon  
  80  8:04  Probe (Chrono Boost)  
  81  8:05  Pylon  
  81  8:07  Probe (Chrono Boost)  
  82  8:14  Carrier  
  82  8:15  Probe (Chrono Boost)  
  82  8:16  Carrier x2  
  82  8:17  Probe (Chrono Boost)  
  102  8:20  Probe (Chrono Boost)  
  102  8:22  Probe (Chrono Boost)  
  104  8:29  Probe  
  101  8:41  Probe  
  86  9:13  Anion Pulse-Crystals  
  86  9:20  Pylon  
  86  9:21  Pylon  
  86  9:23  Pylon  
  85  9:25  Pylon  
  85  9:27  Pylon  
  85  9:29  Pylon  
  85  9:35  Pylon  
  85  9:38  Pylon  
  85  9:40  Carrier, Pylon  
  85  9:42  Carrier  
  97  9:48  Carrier  
  103  10:03  Nexus  
  103  10:05  Photon Cannon  
  103  10:08  Pylon  
  103  10:10  Pylon  
  103  10:12  Pylon  
  103  10:20  Nexus  
  103  10:23  Pylon  
  103  10:25  Photon Cannon, Pylon  
  103  10:27  Pylon  
  103  10:28  Photon Cannon  
  103  10:29  Pylon  
  103  10:31  Pylon  
  103  10:34  Pylon  
  103  10:44  Carrier  
  103  10:45  Tempest  
  110  10:51  Mothership (Chrono Boost)  
  110  10:52  Carrier  
  124  11:07  Photon Cannon  
  124  11:10  Photon Cannon  
  124  11:12  Photon Cannon  
  124  11:14  Photon Cannon  
  124  11:16  Photon Cannon  
  120  11:20  Photon Cannon  
  120  11:26  Gateway  
  120  11:33  Probe  
  120  11:34  Probe  
  120  11:35  Assimilator  
  122  11:41  Assimilator  
  122  11:44  Photon Cannon  
  122  11:45  Probe  
  123  11:48  Probe, Photon Cannon x2  
  123  11:51  Photon Cannon  
  106  12:45  Tempest, Carrier x2  
  105  13:14  Probe x2  
  107  13:23  Assimilator  
  107  13:26  Probe x2  
  109  13:28  Tempest  
  113  13:38  Probe  
  110  13:50  Probe, Photon Cannon  
  110  13:52  Photon Cannon  
  123  13:57  Photon Cannon  
  123  13:59  Cybernetics Core  
  123  14:01  Pylon  
Show
View Real Time Build Order
Export as new Build Order

CMo Terran 

Build Orders: Reaper Expand 

Get SALT Encoding   

  12  0:00  SCV  
  13  0:12  SCV  
  14  0:17  Supply Depot  
  14  0:24  SCV  
  15  0:38  SCV  
  15  0:39  Barracks  
  16  0:44  Refinery  
  16  0:50  SCV  
  17  1:02  SCV  
  18  1:15  SCV  
  19  1:28  Reaper  
  19  1:29  Orbital Command  
  20  1:39  Command Center  
  20  1:55  Supply Depot  
  20  1:57  Barracks  
  20  2:00  SCV  
  21  2:13  SCV  
  22  2:25  Barracks Reactor, SCV  
  22  2:27  Refinery, Factory  
  23  2:37  SCV  
  23  2:48  Barracks Tech Lab  
  23  2:49  SCV  
  24  2:54  Orbital Command  
  24  3:01  SCV  
  25  3:08  Stimpack  
  25  3:09  Marine x2  
  25  3:11  Marauder  
  29  3:13  SCV  
  30  3:25  Factory Tech Lab, SCV  
  31  3:31  Starport  
  31  3:32  SCV, Marine  
  31  3:33  Marine x2  
  35  3:37  SCV  
  36  3:44  SCV  
  36  3:45  Factory Reactor  
  37  3:50  SCV, Marine  
  37  3:53  Marine  
  37  3:54  Marine  
  41  3:56  SCV  
  41  4:02  SCV  
  42  4:12  Marauder  
  42  4:16  SCV x2  
  42  4:31  Marine  
  42  4:32  Marine  
  42  4:33  Marauder  
  46  4:39  Factory Tech Lab  
  46  4:42  Supply Depot  
  46  4:44  Supply Depot  
  46  4:45  Supply Depot  
  46  4:55  Barracks  
  46  4:58  Command Center  
  46  5:01  Engineering Bay  
  46  5:03  SCV x2, Marine x2, Medivac x2  
  46  5:06  Marauder  
  54  5:13  Concussive Shells  
  54  5:15  SCV  
  54  5:20  Siege Tank  
  54  5:21  Marine  
  58  5:22  SCV  
  58  5:26  Marine  
  58  5:27  SCV, Marauder  
  64  5:36  Missile Turret  
  64  5:40  Missile Turret  
  64  5:42  SCV x2  
  66  5:45  Refinery x2  
  66  5:48  Marauder  
  65  6:02  Marine x2  
  67  6:05  Barracks Reactor  
  67  6:10  Marauder  
  69  6:20  Marine  
  70  6:26  Siege Tank  
  70  6:31  Marauder  
  75  6:34  Terran Infantry Weapons Level 1, Supply Depot  
  75  6:35  Supply Depot  
  75  6:37  SCV  
  75  6:38  Supply Depot x2  
  76  6:43  Missile Turret  
  76  6:44  Missile Turret  
  76  6:52  Marauder, Marine x4  
  76  6:54  Orbital Command  
  82  6:58  Siege Tank  
  85  7:08  Armory  
  85  7:10  Marine x3  
  85  7:12  Engineering Bay  
  85  7:14  Barracks, Marauder  
  90  7:16  Barracks  
  94  7:24  Medivac x2  
  94  7:28  Marine x2  
  96  7:30  SCV x3  
  96  7:35  Marauder  
  101  7:42  SCV  
  102  7:47  SCV  
  102  7:48  Missile Turret  
  102  7:50  SCV  
  104  7:54  SCV  
  104  7:57  Marauder  
  107  7:59  SCV  
  107  8:00  Marine x4  
  107  8:02  SCV, Barracks Tech Lab  
  107  8:03  Barracks Reactor  
  113  8:06  SCV, Combat Shield  
  114  8:18  Marauder  
  116  8:22  Missile Turret  
  116  8:25  SCV  
  117  8:29  Missile Turret  
  117  8:34  Supply Depot x2  
  117  8:35  Supply Depot  
  117  8:36  Supply Depot  
  117  8:54  SCV x2  
  117  8:55  SCV, Marauder  
  120  8:58  Marine x5  
  120  8:59  Viking  
  120  9:00  Viking  
  127  9:06  SCV  
  129  9:17  Marauder  
  120  9:27  Marine x3  
  120  9:28  Marauder  
  120  9:29  Viking  
  120  9:30  Viking  
  99  9:38  Marauder  
  99  9:42  Starport  
  99  9:46  Starport  
  99  9:49  Marauder  
  99  9:52  Starport x2, Terran Infantry Weapons Level 2  
  95  9:56  SCV x3  
  95  9:59  Viking x2  
  102  10:00  Refinery, Marauder  
  102  10:05  Refinery  
  100  10:08  SCV x2  
  102  10:17  Marine x3  
  102  10:20  Starport Reactor  
  105  10:23  Starport Reactor  
  105  10:26  Command Center  
  105  10:27  Starport Reactor  
  105  10:29  Viking x2  
  107  11:02  Terran Ship Weapons Level 1  
  107  11:06  Viking  
  107  11:07  Armory, Viking x6  
  107  11:08  Viking  
  123  11:29  Refinery  
  123  11:33  Missile Turret  
  123  11:34  Missile Turret  
  123  11:35  Refinery  
  123  11:36  Viking, Missile Turret  
  125  11:40  Marine x2  
  127  11:54  Missile Turret x2  
  118  12:08  Marine x2  
  106  12:09  Viking x4  
  106  12:10  Viking x4  
  109  12:39  Viking x5  
  109  12:40  Viking x3  
  72  13:09  Viking x5  
  72  13:10  Viking x3  
  86  13:19  Command Center  
  72  13:39  Viking x4  
Show
View Real Time Build Order
Export as new Build Order

FrosT Terran 

Build Orders: Reaper Expand 

Get SALT Encoding   

  12  0:00  SCV  
  13  0:13  SCV  
  14  0:17  Supply Depot  
  14  0:25  SCV  
  15  0:38  SCV  
  15  0:41  Barracks  
  16  0:44  Refinery  
  16  0:50  SCV  
  17  1:03  SCV  
  18  1:15  SCV  
  19  1:27  Orbital Command  
  19  1:28  Reaper  
  20  1:47  Command Center  
  20  1:54  Barracks  
  20  1:55  SCV  
  21  2:02  Supply Depot  
  21  2:12  SCV  
  22  2:21  Barracks Reactor  
  22  2:22  Factory  
  22  2:24  Refinery  
  22  2:25  SCV  
  23  2:37  SCV  
  24  2:50  SCV, Barracks Tech Lab  
  25  3:00  Orbital Command  
  25  3:02  SCV  
  25  3:06  Marine x2  
  25  3:10  Stimpack  
  25  3:11  Marauder  
  29  3:14  SCV  
  29  3:17  Supply Depot  
  30  3:23  Marine  
  30  3:24  Marine  
  32  3:29  SCV x2  
  32  3:32  Marauder  
  36  3:43  SCV x2  
  36  3:45  Supply Depot  
  38  3:52  Marine x2, Factory Reactor  
  38  3:53  Marauder  
  38  3:54  Starport  
  42  3:56  SCV  
  42  3:57  SCV  
  44  4:08  SCV  
  44  4:09  SCV  
  46  4:10  Marine x2  
  46  4:15  Marauder  
  50  4:22  SCV x2  
  50  4:24  Supply Depot  
  52  4:28  Marine x2  
  54  4:34  SCV x2  
  54  4:38  Medivac x2  
  60  4:40  Factory Tech Lab, Barracks  
  60  4:46  SCV  
  60  4:47  SCV, Marine x2, Supply Depot  
  60  4:48  Marauder  
  60  4:50  Concussive Shells  
  66  4:58  SCV  
  66  4:59  Refinery x2, SCV  
  68  5:09  Supply Depot  
  68  5:11  Marine x2  
  68  5:12  Marauder  
  68  5:13  Siege Tank  
  74  5:18  SCV x2  
  76  5:27  Supply Depot  
  76  5:32  Supply Depot  
  76  5:33  Engineering Bay  
  76  5:34  Engineering Bay  
  76  5:35  SCV x2  
  78  5:38  Combat Shield  
  78  5:40  Barracks Tech Lab  
  78  5:49  Supply Depot  
  78  5:56  Supply Depot  
  74  6:02  Marine x2  
  74  6:04  Marauder x2  
  80  6:08  Medivac x2  
  80  6:09  Terran Infantry Armor Level 1, Terran Infantry Weapons Level 1  
  75  6:12  Supply Depot  
  75  6:18  SCV x2  
  73  6:26  Marine x4  
  73  6:31  Supply Depot  
  73  6:36  Supply Depot  
  73  6:43  Missile Turret  
  73  6:44  Marine x4, Missile Turret  
  77  6:47  Missile Turret  
  77  6:49  Missile Turret  
  77  6:56  Missile Turret  
  76  7:03  Marine x4  
  80  7:17  SCV x2  
  82  7:25  Missile Turret  
  82  7:27  Marine x4  
  85  7:40  Medivac x2  
  82  7:49  Marine  
  82  7:50  Marine x3  
  85  8:09  Marine  
  85  8:10  Marine x3  
  87  8:24  Viking  
  87  8:25  Viking  
  91  8:33  Marine x4  
  95  8:50  Marine  
  95  8:51  Marine x2  
  95  9:11  Marine x4  
  65  9:41  Armory  
  63  9:55  Medivac x2  
  63  9:57  Command Center  
  67  10:02  Marine x4  
  71  10:09  SCV x2  
  73  10:21  SCV x2  
  75  10:32  Terran Infantry Armor Level 2, Terran Infantry Weapons Level 2, Supply Depot  
  75  10:33  SCV x2  
  77  10:45  SCV x2  
  77  10:54  Medivac x2  
  79  11:00  Barracks  
  79  11:03  Barracks  
  66  11:20  Barracks  
  66  11:23  Barracks  
  64  11:27  Barracks  
  64  11:28  SCV x2  
  66  11:43  Marine x4  
  69  11:48  Refinery  
  59  12:01  Marine x4  
  51  12:13  Barracks Reactor x2  
  51  12:15  Barracks Reactor x2  
  47  12:16  Barracks Reactor  
  47  12:18  Medivac x2  
  47  12:19  Marine x4  
  54  12:36  Marine  
  54  12:37  Marine x3  
  55  12:43  Command Center  
  58  12:48  Medivac x2  
  62  12:54  Marine x4  
  66  13:17  Marine x2  
  66  13:18  Marine x8  
  76  13:20  Marine  
  76  13:22  Marine  
  77  13:50  Marine x12  
Tags
 
Add a new tag
Caveats
  • Supply blocks, unpowered buildings, or Contaminate may cause inaccurate times.
  • Supply counts are checked every 10 seconds.